AoeStats
← Jack

Fortress

508914661Analyzed
4v4 RM · 7d ago on Sep 24, 2026· 41m 42s· 8 players
Game mode
Random Map
Map size
Huge
Population
200
Speed
Normal
Resources
Standard
Victory
Conquest
Starting age
Dark Age
Ending age
Imperial Age
RankedLock teamsTeams togetherTeam positionsShared explorationLock speedFull tech treeHidden civsTurbo modeCheats
Victory
Defeat
🇺🇸 Mongols · United States
1272
+17
🇧🇦 Danes · Bosnia & Herzegovina
1266
+17
🇧🇦 Saxons · Bosnia & Herzegovina
1266
+17
🇹🇷 Maya · Türkiye
1260
+17
🇨🇭 Persians · Switzerland
1348
-19
🇨🇳 Khmer · China
1307
-18
🇨🇭 Slavs · Switzerland
1266
-16
🇧🇷 Varangians · Brazil
1237
-15
BuFu1
6:59 Feudal Age
11:04 Castle Age
11:43 Double-Bit Axe
12:52 Bow Saw
13:22 Wheelbarrow
13:11 Horse Collar
17:18 Loom
20:54 Heavy Plow
22:25 Hand Cart
22:27 Gold Mining
22:29 Stone Mining
23:26 Town Watch
27:21 Imperial Age
25:06 Thumb Ring
25:24 Ballistics
25:22 Fletching
25:32 Padded Archer Armor
26:36 Husbandry
26:46 Bloodlines
27:50 Town Patrol
28:26 Leather Archer Armor
28:08 Bodkin Arrow
28:30 Leather Archer Armor
27:41 Capped Ram
29:23 Chemistry
29:14 Conscription
29:38 Parthian Tactics
29:32 Bracer
28:58 Elite Mangudai
30:53 Gold Shaft Mining
30:55 Stone Shaft Mining
31:56 Drill
32:14 Hoardings
31:11 Siege Ram
33:35 Fortified Wall
33:20 Murder Holes
33:36 Masonry
38:36 Siege Engineers
Nidhogg
0:32 Loom
8:33 Feudal Age
7:20 Loom
9:40 Double-Bit Axe
12:18 Castle Age
10:47 Scale Mail Armor
10:49 Padded Archer Armor
10:40 Fletching
11:31 Wheelbarrow
11:01 Horse Collar
11:15 Gold Mining
13:30 Bow Saw
20:54 Hand Cart
21:46 Bodkin Arrow
22:57 Padded Archer Armor
29:17 Imperial Age
27:13 Stone Mining
27:21 Loom
28:21 Pikeman
29:46 Scale Mail Armor
30:01 Leather Archer Armor
31:09 Chain Mail Armor
31:05 Forging
30:59 Halberdier
39:10 Plate Mail Armor
38:06 Eagle Warrior
38:48 Squires
40:00 Holcans
40:30 Iron Casting
41:23 Stone Shaft Mining
41:18 Elite Eagle Warrior
43:17 Blast Furnace
byBELMO!
7:51 Feudal Age
11:35 Castle Age
9:32 Double-Bit Axe
9:41 Horse Collar
12:52 Bow Saw
18:27 Wheelbarrow
19:29 Gold Mining
20:38 Heavy Plow
20:49 Loom
22:21 Hand Cart
26:32 Imperial Age
25:14 Thumb Ring
25:36 Padded Archer Armor
25:26 Fletching
26:34 Ballistics
28:21 Chemistry
27:21 Bodkin Arrow
27:42 Leather Archer Armor
26:55 Cranequins
28:16 Bracer
28:56 Conscription
28:38 Heavy Mounted Crossbowman
32:42 Two-Man Saw
32:23 Ring Archer Armor
31:36 Sappers
32:46 Hoardings
31:58 Treadmill Crane
32:30 Masonry
32:43 Caravan
33:13 Coinage
32:54 Guilds
33:53 Scale Barding Armor
33:54 Scale Mail Armor
34:05 Forging
34:40 Gambesons
34:55 Squires
34:40 Arson
34:16 Pikeman
35:45 Elite Varangian Guard
38:30 Banking
37:45 Halberdier
39:08 Iron Casting
38:49 Chain Mail Armor
Suke
8:51 Feudal Age
9:54 Horse Collar
12:55 Castle Age
10:43 Double-Bit Axe
12:30 Forging
14:15 Bow Saw
17:18 Scale Mail Armor
17:32 Arson
17:48 Squires
20:01 Pikeman
21:44 Wheelbarrow
23:18 Gold Mining
27:03 Imperial Age
24:50 Heavy Plow
25:31 Gold Shaft Mining
24:48 Stone Mining
27:11 Onager
28:26 Masonry
29:31 Siege Onager
30:35 Conscription
30:50 Northmen's Fury
32:07 Siege Engineers
32:24 Halberdier
34:03 Chain Mail Armor
40:10 Iron Casting
optional_cookie
7:47 Feudal Age
8:27 Double-Bit Axe
11:29 Castle Age
9:12 Horse Collar
12:58 Bow Saw
13:41 Heavy Plow
17:39 Wheelbarrow
19:03 Gold Mining
19:39 Hand Cart
23:53 Imperial Age
21:57 Scale Barding Armor
22:03 Forging
23:09 Chain Barding Armor
23:02 Bloodlines
22:52 Husbandry
24:15 Iron Casting
25:29 Plate Barding Armor
24:40 Cavalier
28:13 Blast Furnace
29:03 Ballistics
29:43 Chemistry
29:54 Crop Rotation
31:25 Heavy Scorpion
33:37 Conscription
33:40 Fletching
33:51 Padded Archer Armor
34:01 Elite Skirmisher
34:37 Bodkin Arrow
35:56 Leather Archer Armor
36:28 Onager
38:20 Detinets
38:24 Caravan
dr.schniselx
7:57 Feudal Age
11:25 Castle Age
9:23 Double-Bit Axe
9:27 Horse Collar
13:44 Bow Saw
18:02 Heavy Plow
20:15 Bloodlines
22:26 Wheelbarrow
22:59 Scale Barding Armor
23:45 Hand Cart
23:24 Gold Mining
25:10 Chain Barding Armor
29:43 Imperial Age
27:39 Forging
28:40 Gold Shaft Mining
27:56 Stone Mining
28:33 Husbandry
30:15 Iron Casting
29:29 Cavalier
30:50 Crop Rotation
31:54 Plate Barding Armor
31:38 Savar
32:33 Scale Mail Armor
34:29 Two-Man Saw
35:49 Blast Furnace
38:29 Guilds
38:49 Coinage
37:49 Light Cavalry
39:51 Caravan
40:10 Stone Mining
HATamaTAH
7:37 Feudal Age
11:29 Castle Age
9:30 Double-Bit Axe
9:43 Horse Collar
12:57 Bow Saw
14:11 Loom
21:31 Stone Mining
23:26 Gold Mining
27:32 Bloodlines
30:21 Imperial Age
28:35 Heavy Plow
29:36 Light Cavalry
30:16 Husbandry
30:43 Forging
31:28 Conscription
30:46 Hussar
32:12 Scale Barding Armor
31:38 Vendel Legacy
32:59 Wheelbarrow
35:01 Chain Barding Armor
36:14 Stone Shaft Mining
36:00 Elite Jarl
37:47 Hand Cart
40:26 Plate Barding Armor
41:18 Iron Casting
Jack
7:38 Feudal Age
10:56 Castle Age
9:42 Double-Bit Axe
9:39 Horse Collar
14:36 Bow Saw
15:26 Heavy Plow
15:37 Loom
18:16 Wheelbarrow
17:43 Gold Mining
17:43 Stone Mining
17:43 Gold Mining
17:43 Stone Mining
19:43 Gold Shaft Mining
19:45 Bloodlines
20:45 Stone Mining
21:23 Husbandry
24:44 Imperial Age
23:23 Stone Shaft Mining
22:55 Light Cavalry
24:10 Hand Cart
24:46 Scale Barding Armor
25:39 Ballistics
25:47 Chain Barding Armor
26:31 Conscription
26:22 Siege Engineers
27:02 Plate Barding Armor
28:08 Crop Rotation
28:49 Chemistry
27:41 Elite Ballista Elephant
28:14 Town Watch
28:57 Forging
29:00 Masonry
29:42 Double Crossbow
30:54 Iron Casting
30:50 Architecture
30:01 Light Cavalry
31:48 Hoardings
31:55 Hoardings
30:43 Hussar
30:52 Hussar
33:45 Town Patrol
34:19 Fletching
35:30 Blast Furnace
36:34 Bodkin Arrow
38:53 Tusk Swords
Connection lost

Rejoining the realm…

Still unreachable

The connection could not be restored.

Session expired

The server has moved on; the page needs a fresh start.